 Dungeon Sprint DCSS version 0.26-a0-651-gb41185065b (webtiles) character file.

Game seed: 17803731461118634338

13 tsouns the Cutter (level 2, -4/21 HPs)
             Began as a Halfling Berserker on Oct 28, 2020.
             Was a Priest of Trog.
             Slain by a phantom (9 damage)
             ... in the Dungeon (Sprint IX: "|||||||||||||||||||||||||||||").
             The game lasted 00:00:56 (283 turns).

tsouns the Cutter (Halfling Berserker)               Turns: 283, Time: 00:00:58

Health: -4/21      AC:  2    Str: 18    XL:     2   Next: 50%
Magic:  2/2        EV: 15    Int:  5    God:    Trog [***...]
Gold:   0          SH:  0    Dex: 13    Spells: 1/1 levels left

rFire    . . .     SeeInvis .   a - +0 short sword
rCold    . . .     Faith    .   (shield restricted)
rNeg     . . .     Spirit   .   b - +0 animal skin
rPois    .         Reflect  .   (no helmet)
rElec    .         Harm     .   (no cloak)
rCorr    .         Rampage  .   (no gloves)
MR       ++...     NoTele   +   (no boots)
Stlth    ++........             (no amulet)
HPRegen  1.07/turn              (no ring)
MPRegen  0.08/turn              (no ring)

@: berserk cooldown, regenerating
A: small, mutation resistance 1
a: Berserk, Trog's Hand, Renounce Religion


You were in the Dungeon.
You worshipped Trog.
Trog was most pleased with you.
You visited 1 branch

Inventory:

Hand Weapons
 a - a +0 short sword (weapon)
Armour
 b - a +0 animal skin (worn)
Scrolls
 h - a scroll of blinking
Potions
 c - a potion of curing
 e - a potion of haste
 f - 2 potions of magic
 g - a potion of berserk rage


   Skills:
 + Level 3.3 Fighting
 + Level 4.4 Short Blades
 + Level 3.1 Armour
 + Level 3.1 Dodging
 + Level 2.1 Stealth


You had one spell level left.
You didn't know any spells.
Your spell library was empty.

Dungeon Overview and Level Annotations

Branches:
Dungeon (1/1)

Altars:


Innate Abilities, Weirdness & Mutations

You are small and have problems with some larger weapons.
You are somewhat resistant to further mutation.


Message History

You close the door, pushing everything out of the way.
A phantom opens the door.
You close the door.
A phantom opens the door.
You barely miss the phantom. The phantom hits you.
You hit the phantom.
The phantom is lightly damaged.
The phantom closely misses you. The phantom hits you.
You closely miss the phantom.
The phantom is lightly damaged.
The phantom hits you.
You closely miss the phantom.
The phantom is lightly damaged.
The phantom closely misses you.
You hit the phantom.
The phantom is moderately damaged.
You feel yourself speed up. The phantom hits you!
* * * LOW HITPOINT WARNING * * *
The phantom blinks!
The phantom hits you!
You die...

▓▓▓
▓<▓
▓.▓
▓W▓
▓@▓
▓§▓
▓)▓
▓)▓
▓÷▓
▓.▓
▓.▓
▓'▓
▓[▓


You could see a phantom.

Vanquished Creatures
  A leopard gecko (D)
  An orc (D)
  A bat skeleton (D)
  A goblin (D)
  2 hobgoblins (D)
  A jackal (D)
  A kobold (D)
  A jackal skeleton (D)
9 creatures vanquished.

Notes
Turn   | Place    | Note
-------+----------+-------------------------------------------
     0 | D        | tsouns the Halfling Berserker began the quest for the Orb.
     0 | D        | Reached XP level 1. HP: 15/15 MP: 1/1
    14 | D        | Reached skill level 4 in Short Blades
    14 | D        | Reached skill level 1 in Stealth
    23 | D        | Reached ** piety under Trog
    24 | D        | Reached XP level 2. HP: 13/21 MP: 2/2
   245 | D        | Noticed a phantom
   251 | D        | Reached *** piety under Trog
   283 | D        | Slain by a phantom

Illustrated notes

Levels and vault maps discovered:
D:        linesprint [early_d, line_temple, items_1, d_10, items_2, lair_1,
          lair_end, items_3, orc_1, orc_end, items_4, d_15, swamp_1, shoals_1,
          snake_1, spider_1, d_20, vaults_1, items_5, swamp_end, shoals_end,
          snake_end, spider_end, vaults_end, d_27, items_6, zot_1, zot_end,
          crypt_end, forest_end, elf_end, slime_end, tomb_end, abyss_end,
          pan_hell_end]

Skill      XL: |  1  2 |
---------------+-------+-----
Fighting       | 3 |  3.3
Short Blades   | 4 |  4.4
Stealth        | 1 2 |  2.1
Dodging        | 3 |  3.1
Armour         | 3 |  3.1

Action                   || total
-------------------------++-------
Melee: Short sword       ||    48
Invok: Berserk           ||     2
       Trog's Hand       ||     1
  Use: Potion            ||     1
Armor: Animal skin       ||     3
Dodge: Dodged            ||    35

Table legend: (Time is in decaauts)
 A = Elapsed time spent in this place.
 B = Non-inter-level travel time spent in this place.
 C = Inter-level travel time spent in this place.
 D = Time resting spent in this place.
 E = Time spent auto-exploring this place.
 F = Levels seen in this place.
 G = Mean time per level.
                   A        B        C        D        E       F      G
               +--------+--------+--------+--------+--------+-----+--------+
         Total |    292 |    292 |      0 |    200 |      0 |   1 |  292.0 |
       Dungeon |    292 |    292 |      0 |    200 |      0 |   1 |  292.0 |
               +--------+--------+--------+--------+--------+-----+--------+

Top non-repeatable levels by time:
       D: 292 daAuts
